 Dungeon Crawl Stone Soup version 0.20.1-1-g8b1a95d (webtiles) character file.

2942 mike2R the Cleaver (level 9, 67/67 HPs)
             Began as a Black Draconian Warper on July 16, 2017.
             Was an Initiate of Fedhas.
             Quit the game in a bailey.
             The game lasted 01:30:46 (9973 turns).

mike2R the Cleaver (Black Draconian Warper)         Turns: 9973, Time: 01:30:47

Health: 67/67      AC: 10    Str: 14    XL:     9   Next: 51%
Magic:  15/15      EV: 12    Int: 16    God:    Fedhas [......]
Gold:   305        SH:  5    Dex: 14    Spells: 2/16 levels left

rFire    + . .     SeeInvis .   b - +1 blowgun
rCold    . . .     Gourm    .   i - +0 buckler
rNeg     . . .     Faith    .   (armour unavailable)
rPois    .         Spirit   .   (helmet restricted)
rElec    +         Reflect  .   (no cloak)
rCorr    .         Harm     .   G - +2 pair of gloves {Dex+3}
MR       .....                  (no boots)
Stlth    +.........             (no amulet)
Regen    0.3/turn               s - ring of protection from fire
MPRegen  0.2/turn               (no ring)

@: no status effects
A: breathe lightning, unfitting armour, electricity resistance, cold-blooded, AC
+7
a: Breathe Lightning, Fungal Bloom, Renounce Religion


You were in a bailey.
You worshipped Fedhas.
Fedhas was noncommittal.
You were hungry.

You visited 1 branch of the dungeon, and saw 8 of its levels.
You also visited: Bailey.

You collected 305 gold pieces.

Inventory:

Hand Weapons
 a - a +0 hand axe
 b - a +1 blowgun (weapon)
 p - the +7 trident of the Scavenger {protect, rPois rN+}
   (You found it on level 8 of the Dungeon)

   It protects the one who uses it against injury (+AC on strike).
   It protects you from poison.
   It protects you from negative energy.
Missiles
 d - a tomahawk of dispersal (quivered)
 r - 100 arrows
 u - 8 tomahawks
 E - a throwing net
 N - 4 tomahawks of returning
Armour
 i - a +0 buckler (worn)
 y - a +2 shield
 G - a +2 pair of gloves of dexterity (worn)
Jewellery
 s - a ring of protection from fire (left hand)
Wands
 x - a wand of flame (2/48)
 A - a wand of digging (17/24)
 K - a wand of confusion (29/48)
 L - a wand of digging (12/24)
Scrolls
 c - a scroll of blinking
 h - 5 scrolls of teleportation
 k - 3 scrolls of amnesia
 l - 3 scrolls of fog
 m - 3 scrolls of recharging
 o - 2 scrolls of remove curse
 v - a scroll of fear
Potions
 e - 2 potions of brilliance
 j - a potion of might
 t - a potion of invisibility
 w - 2 potions of cancellation
 B - 2 potions of heal wounds
 C - a potion of lignification
 D - a potion of haste
 F - a potion of curing
 I - a potion of magic
 J - a potion of ambrosia {unknown}
Books
 g - a book of Spatial Translocations

   Spells                             Type                      Level
   a - Blink                          Translocation                2
   b - Shroud of Golubria             Charms/Translocation         2
   c - Lesser Beckoning               Translocation                3
   d - Gell's Gravitas                Translocation                3
   e - Teleport Other                 Translocation                3
   f - Passage of Golubria            Translocation                4
 n - a book of Debilitation

   Spells                             Type                      Level
   a - Corona                         Hexes                        1
   b - Slow                           Hexes                        2
   c - Inner Flame                    Hexes/Fire                   3
   d - Portal Projectile              Hexes/Translocation          3
   e - Cause Fear                     Hexes                        4
   f - Leda's Liquefaction            Hexes/Earth                  4
Comestibles
 f - 7 bread rations
 q - 2 meat rations
 z - a fruit
 M - a royal jelly


   Skills:
 - Level 2.1 Fighting
 - Level 8.2 Axes
 - Level 4.1 Throwing
 - Level 2.1 Dodging
 - Level 4.2 Shields
 - Level 4.0 Spellcasting
 - Level 6.1 Translocations
 - Level 3.1 Invocations
 + Level 3.9 Evocations


You had 2 spell levels left.
You knew the following spells:

 Your Spells              Type           Power        Failure   Level  Hunger
a - Blink                 Tloc           N/A          1%          2    ##.....
b - Shroud of Golubria    Chrm/Tloc      ##........   7%          2    ##.....
c - Lesser Beckoning      Tloc           ###.......   4%          3    ###....
d - Teleport Other        Tloc           ###.....     4%          3    ###....
e - Passage of Golubria   Tloc           N/A          13%         4    ####...


Dungeon Overview and Level Annotations

Branches:
Dungeon (8/15)             Temple (0/1) D:5
   Lair: D:8-11

Altars:
Ashenzari
Elyvilon
Fedhas
Gozag
Kikubaaqudgha
Okawaru
Sif Muna
Trog
Vehumet

Shops:
D:5 (


Innate Abilities, Weirdness & Mutations

You can breathe wild blasts of lightning.
Your glossy black scales are hard. (AC +7)
You cannot fit into any form of body armour.
You are resistant to electric shocks. (rElec)
You are cold-blooded and may be slowed by cold attacks.


Message History

Aim: a hobgoblin, wielding a hand axe and wearing a leather armour You shoot a poisoned needle.
The poisoned needle barely misses the hobgoblin.
Throwing (i - inventory. (,) - cycle):
d - 3 tomahawks of dispersal (quivered)
Press: ? - help, Shift-Dir - straight line, f/p - hobgoblin
Aim: a hobgoblin, wielding a hand axe and wearing a leather armour You throw a tomahawk of dispersal.
The tomahawk of dispersal barely misses the hobgoblin.
Throwing (i - inventory. (,) - cycle):
d - 2 tomahawks of dispersal (quivered)
Press: ? - help, Shift-Dir - straight line, f/p - hobgoblin
Aim: a hobgoblin, wielding a hand axe and wearing a leather armour You throw a tomahawk of dispersal.
The tomahawk of dispersal hits the hobgoblin but does no damage.
The hobgoblin shouts!
The orc warrior shouts!
The orc shouts!
Unknown command.
Are you sure you want to abandon this character and quit the game? (Confirm with "yes".)
Okay, then.
Are you sure you want to abandon this character and quit the game? (Confirm with "yes".)

#.........#
##.......## ##.....##
##...### ####...##
####.....##
###....=..##
####....((∩..##
#......@......#
........≈≈≈≈≈≈≈≈≈#
.....≈≈≈≈≈≈≈≈≈≈≈≈≈≈#
...≈≈≈≈≈#########≈≈≈≈
.≈≈≈≈≈≈∩#.Koogg.#∩≈≈≈
≈≈≈≈g####.KKg...# ##≈
....o#. ####o#### #
...###. ...


You could see an orc knight, 2 orc warriors, an orc, a hobgoblin, 3 goblins and
3 kobolds.

Vanquished Creatures
  An ice beast (D:7)
  2 black bears
  An ogre (D:6)
  A phantom (D:4)
  A centaur (D:5)
  A big kobold (D:8)
  A bullfrog (D:5)
  A scorpion (D:4)
  9 electric eels (D:6)
  A bullfrog zombie (D:7)
  3 crimson imps (D:6)
  An orc priest (D:6)
  2 jellies
  3 iguanas
  An orc wizard (D:5)
  A worker ant (D:6)
  A worker ant zombie (D:7)
  Robin (D:2)
  4 gnolls
  4 adders
  A howler monkey skeleton (D:8)
  6 oozes
  An adder skeleton (D:6)
  2 worms (D:2)
  2 dart slugs (D:1)
  A leopard gecko (D:2)
  4 orcs
  2 ball pythons
  3 bats
  4 giant cockroaches
  16 goblins
  12 hobgoblins
  11 jackals
  18 kobolds
  5 quokkas
  9 frilled lizards
  A leopard gecko zombie (D:5)
  7 rats
145 creatures vanquished.

Vanquished Creatures (collateral kills)
  The ghost of appiemonkey the Fighter, a novice MiFi of Makhleb (D:8)
  A hornet (D:7)
  Duvessa (D:6)
  An orc warrior (D:6)
  An ice beast (D:5)
  3 ogres
  A gnoll sergeant (D:6)
  Dowan (D:6)
  2 scorpions
  The ghost of Rhok the Ruffian, a weakling TrBe of Trog (D:3)
  4 wights
  3 crimson imps
  3 hounds
  3 jellies
  A gnoll shaman (D:7)
  An iguana (D:4)
  An orc wizard (D:6)
  4 worker ants
  3 adders (D:7)
  12 gnolls
  A shadow imp (D:5)
  3 oozes (D:3)
  A leopard gecko (D:6)
  14 orcs
  3 giant cockroaches
  10 jackals
  5 kobolds (D:3)
  A quokka (D:6)
  A frilled lizard (D:5)
87 creatures vanquished.

Vanquished Creatures (others)
  9 wandering mushrooms
  2 fungi (D:3)
  A plant (D:6)
  124 toadstools
136 creatures vanquished.

Grand Total: 368 creatures vanquished

Notes
Turn   | Place    | Note
-------+----------+-------------------------------------------
     0 | D:1      | mike2R the Draconian Warper began the quest for the Orb.
     0 | D:1      | Reached XP level 1. HP: 17/17 MP: 3/3
   268 | D:1      | Found a blossoming altar of Fedhas.
   290 | D:1      | Became a worshipper of Fedhas Madash
   347 | D:1      | Reached XP level 2. HP: 14/24 MP: 5/5
   361 | D:1      | Learned a level 2 spell: Blink
   364 | D:1      | Learned a level 2 spell: Shroud of Golubria
   528 | D:1      | Reached skill level 3 in Axes
   912 | D:1      | Reached XP level 3. HP: 19/29 MP: 2/6
  1741 | D:2      | Found a white marble altar of Elyvilon.
  1750 | D:2      | Reached XP level 4. HP: 36/36 MP: 7/7
  1807 | D:2      | Reached skill level 4 in Axes
  2148 | D:2      | Found an opulent altar of Gozag.
  2208 | D:2      | Reached * piety under Fedhas
  2462 | D:2      | Noticed Robin
  2481 | D:2      | Killed Robin
  2508 | D:2      | Learned a level 3 spell: Lesser Beckoning
  2738 | D:3      | Found a shattered altar of Ashenzari.
  2941 | D:3      | Found a blossoming altar of Fedhas.
  2942 | D:3      | Found an ancient bone altar of Kikubaaqudgha.
  2990 | D:3      | Reached XP level 5. HP: 38/41 MP: 9/9
  3195 | D:3      | Noticed Rhok's ghost (weakling TrBe)
  3205 | D:3      | Killed Rhok's ghost
  3300 | D:3      | Reached skill level 5 in Axes
  3358 | D:3      | Reached XP level 6. HP: 24/48 MP: 10/10
  4389 | D:4      | Your scales start taking on a glossy black colour.
  4389 | D:4      | Reached XP level 7. HP: 55/55 MP: 12/12
  4389 | D:4      | Gained mutation: You are resistant to electric shocks. (rElec) [Black Draconian growth]
  4401 | D:4      | Reached skill level 6 in Axes
  4406 | D:4      | Learned a level 3 spell: Teleport Other
  5102 | D:5      | Entered Level 5 of the Dungeon
  5129 | D:5      | Found a bloodstained altar of Trog.
  5290 | D:5      | Found a radiant altar of Vehumet.
  5803 | D:5      | Found Eseoz's Weapon Boutique.
  5846 | D:5      | Reached skill level 5 in Translocations
  5894 | D:5      | Found a staircase to the Ecumenical Temple.
  5925 | D:5      | Learned a level 4 spell: Passage of Golubria
  6173 | D:6      | Reached skill level 1 in Invocations
  6722 | D:6      | Reached skill level 7 in Axes
  6820 | D:6      | Reached XP level 8. HP: 51/61 MP: 14/14
  7010 | D:6      | Found an iron altar of Okawaru.
  7035 | D:6      | Reached skill level 8 in Axes
  7425 | D:6      | Reached skill level 1 in Throwing
  7671 | D:6      | Found a deep blue altar of Sif Muna.
  7720 | D:6      | Noticed Duvessa
  7728 | D:6      | Noticed Dowan
  7747 | D:6      | Killed Duvessa
  7749 | D:6      | Killed Dowan
  7997 | D:5      | Reached XP level 9. HP: 67/67 MP: 15/15
  8598 | D:7      | Reached skill level 1 in Shields
  9543 | D:8      | Noticed appiemonkey's ghost (novice MiFi)
  9562 | D:8      | Killed appiemonkey's ghost
  9828 | D:8      | Found a flagged portal.
  9833 | D:8      | Got a fine trident
  9836 | D:8      | Identified the +7 trident of the Scavenger {protect, rPois rN+} (You found it on level 8 of the Dungeon)
  9848 | Bailey   | Entered a bailey
  9855 | Bailey   | Noticed an orc knight
  9973 | Bailey   | Quit the game

Skill      XL: |  1  2  3  4  5  6  7  8  9 |
---------------+----------------------------+-----
Axes           | 3 4 5 7 8 |  8.2
Spellcasting   | 3 4 |  4.0
Translocations | 4 5 6 |  6.1
Invocations    | 1 3 |  3.1
Throwing       | 4 |  4.1
Shields        | 4 |  4.2
Evocations     | 3 |  3.9
Fighting       | |  2.1
Dodging        | |  2.1

Action                   |  1- 3 |  4- 6 |  7- 9 || total
-------------------------+-------+-------+-------++-------
Melee: Hand axe          |    99 |   134 |   174 ||   407
       Tailslap          |     7 |    13 |    21 ||    41
 Fire: Hunting sling     |    41 |    49 |       ||    90
       Blowgun           |       |    36 |   300 ||   336
Throw: Tomahawk          |       |     1 |     3 ||     4
       Throwing net      |       |       |     2 ||     2
 Cast: Shroud of Golubri |    16 |    14 |     1 ||    31
       Blink             |       |     2 |       ||     2
       Passage of Golubr |       |       |     5 ||     5
Invok: Fungal Bloom      |     7 |    16 |    23 ||    46
       Evolution         |       |     8 |    17 ||    25
 Abil: Breathe Lightning |       |       |     1 ||     1
Evoke: Wand              |       |       |    23 ||    23
  Use: Scroll            |       |    15 |    11 ||    26
       Potion            |       |       |     1 ||     1
 Stab: Sleeping          |     2 |       |       ||     2
  Eat: Chunk             |     3 |    10 |    12 ||    25
       Royal jelly       |       |       |     1 ||     1
       Meat ration       |       |       |     1 ||     1
Armor: Skin              |    24 |    49 |    58 ||   131
Dodge: Dodged            |    69 |    89 |   100 ||   258
Block: Buckler           |       |       |    14 ||    14
